 Dungeon Crawl Stone Soup version 0.29.0-5-ge4962eb29e (webtiles) character file.

Game seed: 2681380477482710861

11818 Sobieck the Grappler (level 11, -4/62 HPs)
             Began as a Vine Stalker Fighter on Aug 28, 2022.
             Was a Priest of Wu Jian.
             Slain by a cane toad (12 damage)
             ... on level 8 of the Dungeon.
             The game lasted 00:29:45 (10440 turns).

Sobieck the Grappler (Vine Stalker Fighter)        Turns: 10440, Time: 00:29:46

Health: -4/62      AC:  7    Str: 19    XL:     11   Next: 83%
Magic:  0/13       EV: 15    Int: 12    God:    Wu Jian [***...]
Gold:   613        SH:  4    Dex: 14    Spells: 12/12 levels left

rFire   . . .      SeeInvis .     - Unarmed
rCold   . . .      Faith    .   w - +0 buckler
rNeg    . . .      Spirit   +   K - +0 robe "Xitietij" {Rampage Slay+3}
rPois   .          Reflect  .   m - +2 hat
rElec   .          Harm     .   E - +2 cloak
rCorr   +          Rampage  +   (no gloves)
Will    ++...                   (no boots)
Stlth   +.........              q - amulet of magic regeneration {@e2}
HPRegen 1.00/turn               l - ring of willpower
MPRegen 0.53/turn               M - ring of resist corrosion

@: exhausted
A: fangs 3, regeneration 1, magic shield, antimagic bite, no potion heal 2
a: Renounce Religion, Wall Jump, Serpent's Lash


You were on level 8 of the Dungeon.
You worshipped Wu Jian.
Wu Jian was most pleased with you.
You visited 3 branches of the dungeon, and saw 12 of its levels.
You also visited: Sewer.

You collected 676 gold pieces.
You spent 63 gold pieces at shops.


Innate Abilities, Weirdness & Mutations

You have razor-sharp teeth.
Your natural rate of healing is unusually fast.
When hurt, damage is shared between your health and your magic reserves.
Your bite disrupts and absorbs the magic of your enemies.
Potions cannot restore your health.


   Skills:
 + Level 9.1 Fighting
 - Level 2.4 Armour
 + Level 7.9 Dodging
 - Level 2.6 Shields
 - Level 13.0 Unarmed Combat
 - Level 1.0 Spellcasting


You had 12 spell levels left.
You didn't know any spells.
Your spell library contained the following spells:

 Spells                   Type           Power      Damage    Failure   Level
 Magic Dart               Conj           0%         1d3       36%         1
 Slow                     Hex            0%         N/A       36%         1
 Blink                    Tloc           0%         N/A       52%         2
 Call Canine Familiar     Summ           0%         N/A       75%         3
 Confusing Touch          Hex            0%         N/A       75%         3
 Lesser Beckoning         Tloc           0%         N/A       75%         3
 Portal Projectile        Hex/Tloc       0%         N/A       75%         3
 Stone Arrow              Conj/Erth      0%         3d7       75%         3
 Vampiric Draining        Necr           0%         2d6       75%         3
 Animate Armour           Summ/Erth      0%         N/A       98%         4
 Animate Dead             Necr           0%         N/A       98%         4
 Leda's Liquefaction      Hex/Erth       0%         N/A       98%         4
 Manifold Assault         Tloc           0%         N/A       100%        5
 Haunt                    Necr/Summ      0%         N/A       100%        7
 Infestation              Necr           0%         N/A       100%        8
 Lehudib's Crystal Spear  Conj/Erth      0%         10d2      100%        8

Inventory:

Hand Weapons
 b - a +2 sling of freezing
   (You found it on level 2 of the Dungeon)
 f - a +0 club {mace}
   (You took it off a goblin on level 1 of the Dungeon)
 o - a +0 dagger {short}
   (You took it off a goblin on level 1 of the Dungeon)
 J - a +1 vorpal spear {polearm}
   (You found it on level 3 of the Dungeon)
Missiles
 d - 9 javelins {throwing}
 j - 2 curare-tipped darts {=fthrowing}
 u - 35 poisoned darts (quivered) {throwing}
 v - 103 stones {throwing}
 A - 6 boomerangs {throwing}
 O - 2 atropa-tipped darts {throwing}
Armour
 m - a +2 hat (worn)
   (You found it on level 1 of the Dungeon)
 t - a +0 robe
   (You took it off an orc wizard on level 5 of the Dungeon)
 w - a +0 buckler (worn)
 x - a +0 ring mail
   (You found it on level 2 of the Dungeon)
 y - a +0 ring mail
   (You found it on level 2 of the Dungeon)
 E - a +2 cloak (worn)
   (You found it on level 3 of the Dungeon)
 F - a +0 chain mail
   (You found it on level 3 of the Dungeon)
 I - a +0 ring mail
   (You found it on level 3 of the Dungeon)
 K - the +0 robe "Xitietij" (worn) {Rampage Slay+3}
   (You found it on level 3 of the Dungeon)

   Slay:      It affects your accuracy & damage with ranged weapons and melee
   (+3).
   Rampage:   It bestows one free step when moving towards enemies.
 R - a +0 leather armour
   (You found it on level 6 of the Dungeon)
 T - a +0 leather armour
   (You found it on level 6 of the Dungeon)
 U - a +0 ring mail
   (You found it on level 6 of the Dungeon)
 V - a +0 ring mail
   (You found it on level 6 of the Dungeon)
 W - a +0 robe
   (You took it off an orc wizard on level 6 of the Dungeon)
 X - a +0 leather armour
   (You took it off an orc priest on level 6 of the Dungeon)
 Y - a +0 leather armour
   (You took it off an orc on level 6 of the Dungeon)
 Z - a +0 scale mail
   (You found it on level 6 of the Dungeon)
Jewellery
 l - a ring of willpower (left hand)
   (You found it on level 1 of the Dungeon)
 q - an amulet of magic regeneration (around neck) {@e2}
   (You found it on level 4 of the Dungeon)
 M - a ring of resist corrosion (right hand)
   (You found it on level 3 of the Dungeon)
Wands
 e - a wand of flame (6)
   (You found it on level 4 of the Dungeon)
 i - a wand of mindburst (16)
   (You took it off a kobold on level 4 of the Dungeon)
Scrolls
 a - 4 scrolls of enchant armour
 c - a scroll of magic mapping {!r}
 k - 4 scrolls of teleportation {@r4}
 r - a scroll of torment {!r}
 B - a scroll of fear
 G - 4 scrolls of noise {!r}
 N - a scroll of fog
 Q - a scroll of blinking {unknown}
Potions
 g - 2 potions of curing {@q1}
 n - a potion of brilliance
 p - 3 potions of berserk rage {!q}
 s - 2 potions of resistance
 z - 2 potions of cancellation
 C - 2 potions of mutation {!q}
 D - 9 potions of flight
 H - a potion of lignification {!q}
 L - a potion of heal wounds {@q2}
 P - 2 potions of attraction {!q}
 S - a potion of ambrosia

Dungeon Overview and Level Annotations

Branches:
Dungeon (10/15) Zot: 26201  Temple (1/1) D:5 Zot: 5859    Lair (1/5) D:8 Zot: 5997
    Orc (0/2) D:10          Sewer (visited)

Altars:
Ashenzari
Cheibriados
Dithmenos
Elyvilon
Fedhas
Gozag
Hepliaklqana
Kikubaaqudgha
Makhleb
Nemelex Xobeh
Okawaru
Qazlal
Ru
Sif Muna
Trog
Uskayaw
Vehumet
Wu Jian
Xom
Yredelemnul
Zin
The Shining One

Shops:
D:1 *   D:5 * D:7

[ #.# #.[..#.##........#
#.###.##...#########.#
##...###...#########.# #
#...##.....##.......# #####
# #...#.......#########
#.... # #...#.......##
##########.... ###
##.........O.#
#.........[.[. ..#
##......z°..###.##.#.###....
#.# #...).>..F@.##.##.#.#
#.... #.#
#.....z..o..z..##.#.# ##...
#.# ##...o..oz.###.##.#.#
#### #.#######..Po.Pz##
#.##.#.# ......# #.......#
#......# #### #.##..#
##.....## ####.### #...
#.##..#####...####### #.#
#...
#..#..#.............###.##
###...
##.#.....................#
#.....


You could see a cane toad (ally target), a friendly two-headed ogre (summoned),
5 friendly wights, a friendly orc priest (summoned), a friendly orc wizard
(summoned) and 2 friendly orcs.


Message History

The Council accepts your kill.
You punch the yak! You block the yak's attack.
The yak gores you but does no damage.
You punch the yak! You hit the yak. Your bite misses the yak.
The yak gores you! The yak gores you.
You spin and attack the yak repeatedly.
You hit the yak. You bite the yak.
You kill the yak!
The Council accepts your kill.
You spin and attack the yak.
You barely miss the yak. The yak gores you but does no damage.
You punch the yak! The yak misses you.
You hit the yak. The yak gores you!
You punch the yak!
You kill the yak!
The Council accepts your kill.
You start resting.
Unknown command.
You start resting.
Danger!
An electric eel comes into view.
Unknown command.
Unknown command.
(D) Dungeon (T) Temple (L) Lair (O) Orcish Mines
Where to? (Enter - D:10, ? - help)
What level of the Lair of Beasts? (default 1, ? - help)
There is an escape hatch in the floor here.
There is a stone staircase leading up here.
You climb upwards.
There is a stone staircase leading down here.
You see here a +0 flail {mace}.
There is an open door here.
There is a stone staircase leading up here.
You climb upwards.
There is a stone staircase leading down here.
Things that are here:
a scroll of amnesia; a +0 robe; a +0 dagger {short}
Items here: )) [[.
There is a staircase to the Lair here.
You climb downwards.
Welcome to the Lair of Beasts!
The bullfrog croaks.
The cane toad gives a loud, deep croak!
There is a staircase back to the Dungeon here.
There are monsters nearby!
Danger!
Unknown command.
The cane toad stings you!
You climb upwards.
Welcome back to the Dungeon!
There is a staircase to the Lair here.
Unknown command.
Unknown command.
You punch the cane toad! Your bite misses the cane toad.
The cane toad stings you but does no damage.
You hit the cane toad.
You bite the cane toad, but do no damage.
The cane toad stings you.
You are poisoned.
The cane toad poisons you!
You closely miss the cane toad.
You bite the cane toad, but do no damage.
You feel very sick. The cane toad stings you!
You barely miss the cane toad.
You bite the cane toad, but do no damage.
You feel sick. The cane toad stings you.
You are more poisoned.
The cane toad poisons you!
You closely miss the cane toad. Your bite misses the cane toad.
You feel very sick. You block the cane toad's attack.
You barely miss the cane toad. Your bite misses the cane toad.
You feel very sick.
The cane toad stings you but does no damage.
Unknown command.
You hit the cane toad.
You feel very sick. The cane toad misses you.
You closely miss the cane toad. You bite the cane toad! You drain its power.
You feel invigorated.
You feel very sick. The cane toad stings you!
* * * LOW HITPOINT WARNING * * *
Unknown command.
You spin and attack the cane toad.
You closely miss the cane toad. Your bite misses the cane toad.
You feel very sick. The cane toad stings you.
* * * LOW HITPOINT WARNING * * *
You are lethally poisoned!
The cane toad poisons you!
Your system rejects the healing.
You feel better. The cane toad stings you!
* * * LOW HITPOINT WARNING * * *
You are lethally poisoned!
The cane toad poisons you!
Your muscles tense, ready for explosive movement...
Your supernatural speed expires.
* * * LOW HITPOINT WARNING * * *
You feel very sick.
Your system rejects the healing.
You feel better.
As you read the scroll of summoning, it crumbles to dust.
Wisps of shadow whirl around you... The cane toad stings you!!
You die...

Skill      XL: |  1  2  3  4  5  6  7  8  9 10 11 |
---------------+----------------------------------+-----
Spellcasting   | 1 |  1.0
Unarmed Combat | 3 4 6 7 9 10 11 12 13 | 13.0
Fighting       | 3 5 7 9 |  9.1
Dodging        | 2 4 6 7 |  7.9
Armour         | |  2.4
Shields        | |  2.6

Action                   |  1- 3 |  4- 6 |  7- 9 | 10-12 || total
-------------------------+-------+-------+-------+-------++-------
Melee: Unarmed           |   114 |   209 |   199 |   324 ||   846
       Bite              |    18 |    47 |    53 |   112 ||   230
 Fire: Sling             |    18 |    54 |       |     3 ||    75
Throw: Dart              |       |       |       |     4 ||     4
Invok: Whirlwind         |       |       |     4 |    21 ||    25
       Serpent's Lash    |       |       |       |     2 ||     2
 Abil: Wall Jump         |       |       |       |     1 ||     1
  Use: Scroll            |       |    13 |     6 |     6 ||    25
       Potion            |       |       |     2 |     3 ||     5
 Stab: Sleeping          |       |     1 |     3 |     1 ||     5
Armor: Scale mail        |    47 |    74 |       |       ||   121
       Robe              |       |    28 |    23 |    53 ||   104
Dodge: Dodged            |    44 |   107 |    64 |   191 ||   406
Block: Buckler           |    15 |    51 |    21 |    66 ||   153

Levels and vault maps discovered:
D:1:      scummos_arrival_gate, layout_basic, serial_shops, nicolae_square_shop,
          shapermc_ecumenical_altar_pompeii, minmay_split_cup_small
D:2:      layout_basic, hangedman_abyss_or_decor_lesser_grid
D:3:      minmay_octagon_keep, layout_basic, gup_sewer_entry_pipe
D:4:      layout_loops_corners, uniq_edmund, uniq_duvessa, uniq_grinder
D:5:      layout_loops_cross, minmay_temple_entry_statues,
          nicolae_elemental_shop
D:6:      layout_rooms, grunt_temple_overflow_magic_moments,
          fedhas_altar_decomposition, uniq_prince_ribbit1
D:7:      layout_loops_corners, serial_shops, shop_statue,
          uniq_crazy_yiuf_cottage, uniq_maggie
D:8:      layout_loops_cross, david_lair_generic, kennysheep_nub
D:9:      layout_roguey, grunt_temple_overflow_order_and_chaos_1
D:10:     layout_rooms, orc_0_dummy, serial_ice, serial_ice_i, serial_ice_e,
          serial_ice_f, serial_ice_m
Temple:   regret_index_temple_sphere_string
Lair:1:   layout_hall_layers, ebering_ghost_disaster_area

Notes
Turn   | Place    | Note
-------+----------+-------------------------------------------
     0 | D:1      | Sobieck the Vine Stalker Fighter began the quest for the
                  | Orb.
     0 | D:1      | Reached XP level 1. HP: 11/11 MP: 2/2
   486 | D:1      | Found a faded altar of an unknown god.
   520 | D:1      | Reached XP level 2. HP: 12/16 MP: 1/4
   640 | D:1      | Reached skill level 1 in Spellcasting
  1096 | D:1      | You pick up a book of Debilitation and begin reading...
  1096 | D:1      | You add the spells Slow, Vampiric Draining and Confusing
                  | Touch to your library.
  1110 | D:1      | Reached skill level 3 in Unarmed Combat
  1129 | D:1      | Found Hiclun's Assorted Antiques.
  1144 | D:1      | Reached XP level 3. HP: 15/19 MP: 3/5
  1159 | D:1      | Bought a scroll labelled PIQAILAWIEH for 22 gold pieces
  1159 | D:1      | Bought a scroll labelled LIECITW QAELA for 22 gold pieces
  1159 | D:1      | Bought an inky potion for 19 gold pieces
  2311 | D:3      | Noticed an ogre
  2372 | D:3      | You pick up a book of Death and begin reading...
  2372 | D:3      | You add the spells Animate Dead, Haunt and Infestation to
                  | your library.
  2397 | D:3      | Reached skill level 4 in Unarmed Combat
  2397 | D:3      | Gained mutation: Your natural rate of healing is unusually
                  | fast. [Vine Stalker growth]
  2397 | D:3      | Reached XP level 4. HP: 11/23 MP: 6/6
  2443 | D:3      | Found a glowing drain.
  2465 | Sewer    | Entered a sewer
  2855 | Sewer    | Reached XP level 5. HP: 27/27 MP: 7/7
  2869 | Sewer    | Reached skill level 5 in Unarmed Combat
  3369 | D:3      | Identified the +0 robe "Xitietij" {Rampage Slay+3}
  3754 | D:4      | Noticed Grinder
  3900 | D:4      | Noticed Edmund
  3941 | D:5      | Entered Level 5 of the Dungeon
  3946 | D:5      | Found a staircase to the Ecumenical Temple.
  3952 | D:5      | Found Buam's Elemental Accessories.
  3981 | Temple   | Entered the Ecumenical Temple
  4099 | Temple   | Became a worshipper of the Wu Jian Council
  4189 | D:5      | Reached skill level 6 in Unarmed Combat
  4189 | D:5      | Reached XP level 6. HP: 29/32 MP: 6/8
  4308 | D:5      | You pick up a book of the Hunter and begin reading...
  4308 | D:5      | You add the spells Call Canine Familiar, Portal Projectile
                  | and Leda's Liquefaction to your library.
  4321 | D:5      | Reached skill level 7 in Unarmed Combat
  4354 | D:5      | You pick up a book of Armaments and begin reading...
  4354 | D:5      | You add the spells Stone Arrow, Animate Armour and
                  | Lehudib's Crystal Spear to your library.
  4359 | D:5      | Noticed an ice beast
  4375 | D:5      | Killed an ice beast
  4376 | D:5      | Reached XP level 7. HP: 24/35 MP: 9/9
  4618 | D:5      | Reached skill level 8 in Unarmed Combat
  5010 | D:6      | Found a blossoming altar of Fedhas.
  5142 | D:6      | Noticed Prince Ribbit
  5149 | D:6      | HP: 6/35 [Prince Ribbit (6)]
  5157 | D:6      | HP: 5/35 [Prince Ribbit (6)]
  5165 | D:6      | Killed Prince Ribbit
  5166 | D:6      | Reached skill level 9 in Unarmed Combat
  5166 | D:6      | Gained mutation: You have razor-sharp teeth. [Vine Stalker
                  | growth]
  5166 | D:6      | Reached XP level 8. HP: 10/39 MP: 5/10
  5437 | D:6      | Found a radiant altar of Vehumet.
  5437 | D:6      | Found an ancient bone altar of Kikubaaqudgha.
  5438 | D:6      | Found a shimmering blue altar of Sif Muna.
  5452 | D:6      | Got Vehumet's Volume of the Salvo
  5560 | D:6      | Reached skill level 10 in Unarmed Combat
  5564 | D:6      | Reached * piety under Wu Jian
  5577 | D:6      | Reached skill level 3 in Fighting
  5577 | D:6      | Reached skill level 1 in Dodging
  5640 | D:7      | Noticed a hornet
  5645 | D:7      | Paralysed by a hornet for 1 turns
  5648 | D:7      | Killed a hornet
  5649 | D:7      | Reached skill level 2 in Dodging
  5649 | D:7      | Reached XP level 9. HP: 23/45 MP: 7/11
  5706 | D:7      | Reached skill level 4 in Fighting
  5805 | D:7      | Found Vagonou's Armour Emporium.
  6378 | D:4      | Noticed Duvessa
  6378 | D:4      | Noticed Dowan
  6491 | D:4      | Killed Edmund
  6539 | D:4      | Killed Grinder
  6540 | D:4      | Reached skill level 3 in Dodging
  6675 | D:4      | Killed Duvessa
  6683 | D:4      | Killed Dowan
  7146 | D:7      | Reached skill level 5 in Fighting
  7227 | D:7      | Reached skill level 11 in Unarmed Combat
  7504 | D:7      | Found a runed translucent door.
  7504 | D:7      | Noticed Crazy Yiuf
  7599 | D:7      | Reached skill level 4 in Dodging
  7666 | D:7      | Noticed Maggie
  7681 | D:7      | Killed Maggie
  7681 | D:7      | Reached ** piety under Wu Jian
  7908 | D:7      | Killed Crazy Yiuf
  7909 | D:7      | Reached XP level 10. HP: 53/53 MP: 12/12
  7912 | D:7      | Identified the +7 hammer "Ukliurr" {spect, Str+5}
  8015 | D:8      | Reached skill level 6 in Fighting
  8056 | D:8      | Noticed an elephant
  8099 | D:8      | Killed an elephant
  8100 | D:8      | Reached skill level 5 in Dodging
  8297 | D:8      | Found a staircase to the Lair.
  8476 | D:8      | Reached skill level 12 in Unarmed Combat
  8770 | D:8      | You pick up a book of Spatial Translocations and begin
                  | reading...
  8770 | D:8      | You add the spells Blink, Lesser Beckoning and Manifold
                  | Assault to your library.
  8842 | D:8      | Noticed a two-headed ogre
  8853 | D:8      | Killed a two-headed ogre
  8854 | D:8      | Reached skill level 7 in Fighting
  8924 | D:9      | Found a shimmering altar of Xom.
  8933 | D:9      | Noticed an angel
  8941 | D:9      | Found a glowing silver altar of Zin.
  8951 | D:9      | Reached skill level 6 in Dodging
  9036 | D:9      | Noticed a two-headed ogre
  9039 | D:9      | Killed a two-headed ogre
  9040 | D:9      | Reached XP level 11. HP: 43/58 MP: 13/13
  9236 | D:9      | Killed an angel
  9339 | D:9      | Reached *** piety under Wu Jian
  9492 | D:9      | Reached skill level 8 in Fighting
  9624 | D:10     | Entered Level 10 of the Dungeon
  9630 | D:10     | Noticed a two-headed ogre
  9678 | D:9      | Killed a two-headed ogre
  9679 | D:9      | Reached skill level 7 in Dodging
  9755 | D:10     | Reached skill level 13 in Unarmed Combat
  9872 | D:10     | Noticed a death yak
  9901 | D:10     | Killed a death yak
  9926 | D:9      | HP: 12/60 [polar bear (10)]
 10121 | D:10     | Found a staircase to the Orcish Mines.
 10248 | D:10     | Reached skill level 9 in Fighting
 10424 | Lair:1   | Entered Level 1 of the Lair of Beasts
 10436 | D:8      | HP: 15/62 [cane toad (2)]
 10438 | D:8      | HP: 6/62 [poisoned by a cane toad]
 10440 | D:8      | Slain by a cane toad

Vanquished Creatures
  3 two-headed ogres
  A death yak (D:10)
  An elephant (D:8)
  Maggie (D:7)
  A gargoyle (D:10)
  A kobold demonologist (D:10)
  3 hornets
  A polar bear (D:9)
  Prince Ribbit (D:6)
  Grinder (D:4)
  3 wyverns
  13 yaks
  An unseen horror simulacrum (D:10)
  3 steam dragons
  A basilisk (D:8)
  2 acid dragons (D:10)
  Edmund (D:4)
  A black bear (D:8)
  Duvessa (D:4)
  A sky beast (D:7)
  4 ice beasts
  3 centaurs
  A wolf (D:10)
  An ogre (D:3)
  3 kobold brigands
  2 bullfrogs
  A gnoll sergeant (D:9)
  A scorpion (D:5)
  7 necrophages
  7 wights
  Dowan (D:4)
  13 killer bees
  A howler monkey (D:9)
  A jelly (D:6)
  A centaur zombie (D:6)
  A hound (D:6)
  4 orc priests
  Crazy Yiuf (D:7)
  A gnoll bouda (D:9)
  2 iguanas
  8 orc wizards
  10 gnolls (D:9)
  7 adders
  4 river rats (Sewer)
  4 white imps
  2 ufetubi
  5 worms
  6 dart slugs
  18 orcs
  10 bats
  5 endoplasms
  5 giant cockroaches
  5 hobgoblins
  4 jackals
  9 quokkas
  14 ball pythons
  5 frilled lizards
  9 goblins
  15 kobolds
  9 rats
251 creatures vanquished.

Vanquished Creatures (others)
  An angel (D:9)
  A kobold (D:10)
  A bush (D:6)
  6 fungi
  12 plants
21 creatures vanquished.

Grand Total: 272 creatures vanquished

Table legend:
 A = Non-vault XP
 B = Vault XP
 C = Vault XP percentage of total XP
 D = Non-vault monster count
 E = Vault monster count
 F = Vault count percentage of total count
                 A         B        C        D         E       F
            +---------+---------+-------+---------+---------+-------
      Total |   11880 |    5004 |  29.6 |     187 |      64 |  25.5
            +---------+---------+-------+---------+---------+-------
        D:1 |      29 |       5 |  14.7 |      17 |       3 |  15.0
        D:2 |      38 |       0 |   0.0 |      20 |       0 |   0.0
        D:3 |     150 |      38 |  20.2 |      12 |      15 |  55.6
        D:4 |     132 |     622 |  82.5 |      10 |       4 |  28.6
        D:5 |     625 |       0 |   0.0 |      18 |       0 |   0.0
        D:6 |     520 |     737 |  58.6 |      12 |       7 |  36.8
        D:7 |    1201 |     457 |  27.6 |      20 |       2 |   9.1
        D:8 |    2544 |    1036 |  28.9 |      20 |       4 |  16.7
        D:9 |    4698 |     428 |   8.3 |      44 |       2 |   4.3
       D:10 |    1943 |    1562 |  44.6 |      14 |       7 |  33.3
      Sewer |       0 |     119 | 100.0 |       0 |      20 | 100.0
            +---------+---------+-------+---------+---------+-------

Illustrated notes

Table legend:
 A = Kills in this place as a percentage of kills in entire the game.
 B = Kills by you in this place as a percentage of kills by you in the entire game.
 C = Kills by friends in this place as a percentage of kills by friends in the entire game.
 D = Other kills in this place as a percentage of other kills in the entire game.
 E = Experience gained in this place as a percentage of experience gained in the entire game.
 F = Experience gained in this place divided by the number of levels of this place that you have seen.
                   A       B       C       D       E      F
               +-------+-------+-------+-------+-------+----------------------
         Total | 100.0 | 100.0 |   N/A |   N/A | 100.0 | 1298.8
       Dungeon |  92.0 |  92.0 |   N/A |   N/A |  99.3 | 1676.5
         Sewer |   8.0 |   8.0 |   N/A |   N/A |   0.7 | 119.0
               +-------+-------+-------+-------+-------+----------------------

Table legend: (Time is in decaauts)
 A = Elapsed time spent in this place.
 B = Non-inter-level travel time spent in this place.
 C = Inter-level travel time spent in this place.
 D = Time resting spent in this place.
 E = Time spent auto-exploring this place.
 F = Levels seen in this place.
 G = Mean time per level.
                   A        B        C        D        E       F      G
               +--------+--------+--------+--------+--------+-----+--------+
         Total |  10440 |   9765 |    675 |    717 |   6260 |  13 |  803.1 |
       Dungeon |   9716 |   9063 |    653 |    670 |   5950 |  10 |  971.6 |
        Temple |    140 |    119 |     21 |      0 |    101 |   1 |  140.0 |
          Lair |      2 |      2 |      0 |      0 |      0 |   1 |    2.0 |
         Sewer |    580 |    580 |      0 |     47 |    209 |   1 |  580.0 |
               +--------+--------+--------+--------+--------+-----+--------+

Top non-repeatable levels by time:
     D:1: 1342 daAuts
     D:4: 1145 daAuts
     D:7: 1132 daAuts
     D:3: 1075 daAuts
     D:2: 948 daAuts
     D:8: 940 daAuts
     D:9: 848 daAuts
     D:6: 832 daAuts
     D:5: 826 daAuts
    D:10: 624 daAuts
   Sewer: 580 daAuts
  Temple: 140 daAuts
  Lair:1: 2 daAuts
